2857 views
Uploaded 2020-02-15 16:48:16
Game version 1.32 / 1.32.1
21:31 long 4on4 ladder game on (8)NerubianPassage
Saved by TALONSARIMBA
2857 views
Uploaded 2020-02-15 16:48:16
Game version 1.32 / 1.32.1
21:31 long 4on4 ladder game on (8)NerubianPassage

122 units @ 17.8k
/ 2k
52 buildings @ 8.2k
/ 3.1k


| Healing Salve | 1 | 100 |
| total: | 1 | 100g |
| Peon | 20 | 1500 | / | 0 |
| Grunt | 4 | 800 | / | 0 |
| Wind Rider | 1 | 265 | / | 40 |
| Raider | 5 | 900 | / | 200 |
| Kodo Beast | 2 | 510 | / | 120 |
| Shaman | 7 | 910 | / | 140 |
| Tauren | 4 | 1120 | / | 320 |
| total: | 43 | 6005g | / | 820w |
| Altar of Storms | 1 | 180 | / | 50 |
| Orc Burrow | 8 | 1280 | / | 320 |
| Barracks | 2 | 360 | / | 100 |
| Voodoo Lounge | 1 | 130 | / | 30 |
| War Mill | 1 | 205 | / | 0 |
| Great Hall | 1 | 385 | / | 185 |
| Beastiary | 2 | 290 | / | 280 |
| Spirit Lodge | 1 | 150 | / | 150 |
| Tauren Totem | 1 | 135 | / | 155 |
| Stronghold | 1 | 315 | / | 190 |
| Fortress | 1 | 325 | / | 190 |
| total: | 18 | 3115g | / | 1270w |
| 0:06 | Altar of Storms |
| 0:08 | Orc Burrow |
| 0:11 | Peon |
| 0:28 | Barracks |
| 0:32 | Peon |
| 0:53 | Barracks |
| 0:57 | Peon |
| 1:13 | Peon |
| 1:14 | Peon |
| 1:19 | Peon |
| 1:20 | Peon |
| 1:36 | Grunt |
| 1:45 | Orc Burrow |
| 1:51 | Orc Burrow |
| 1:56 | Peon |
| 2:05 | Peon |
| 2:06 | Peon |
| 2:11 | Feral Spirit |
| 2:26 | Voodoo Lounge |
| 2:36 | Grunt |
| 3:02 | Grunt |
| 3:03 | Peon |
| 3:05 | Peon |
| 3:18 | Peon |
| 3:33 | Grunt |
| 3:54 | Orc Burrow |
| 4:11 | War Mill |
| 4:44 | Chain Lighting |
| 4:56 | Stronghold |
| 5:23 | Great Hall |
| 5:31 | Orc Burrow |
| 5:36 | Steel Ranged Weapons |
| 6:36 | Feral Spirit |
| 7:42 | Peon |
| 7:42 | Peon |
| 7:42 | Peon |
| 7:48 | Beastiary |
| 7:54 | Beastiary |
| 8:01 | Spirit Lodge |
| 8:15 | Healing Salve |
| 8:26 | Peon |
| 8:27 | Peon |
| 8:27 | Peon |
| 8:27 | Peon |
| 8:40 | Fortress |
| 8:55 | Steel Armor |
| 8:55 | Thorium Ranged Weapons |
| 9:05 | Endurance Aura |
| 9:10 | Wind Rider |
| 9:16 | Raider |
| 9:16 | Raider |
| 9:22 | Steel Melee Weapons |
| 9:24 | Raider |
| 9:38 | Shaman Adept Training |
| 9:47 | Tauren Totem |
| 9:57 | Kodo Beast |
| 10:02 | Kodo Beast |
| 10:15 | Raider |
| 10:21 | Raider |
| 10:39 | Shaman |
| 10:40 | Shaman |
| 11:07 | War Drums Damage Increase |
| 11:12 | Shaman Master Training |
| 11:40 | Pulverize |
| 11:46 | Shaman |
| 11:46 | Shaman |
| 12:00 | Tauren |
| 12:01 | Tauren |
| 12:08 | Shaman |
| 12:17 | Ensnare |
| 12:26 | Orc Burrow |
| 12:29 | Orc Burrow |
| 12:38 | Witch Doctor Adept Training |
| 12:47 | Thorium Melee Weapons |
| 12:58 | Chain Lighting |
| 13:30 | Orc Burrow |
| 13:38 | Tauren |
| 13:39 | Tauren |
| 14:29 | War Stomp |
| 14:58 | Endurance Aura |
| 15:09 | Shaman |
| 15:10 | Shaman |
| Right click | 333 |
| Select | 218 |
| Build/train/purchase | 79 |
| Select group | 24 |
| Use ability | 10 |
| Assign group | 9 |


| Scroll of Regeneration | 1 | 100 |
| Potion of Healing | 2 | 300 |
| Orb of Fire | 1 | 325 |
| Scroll of Town Portal | 1 | 350 |
| total: | 5 | 1075g |
| Peasant | 10 | 750 | / | 0 |
| Footman | 10 | 1350 | / | 0 |
| Priest | 8 | 1080 | / | 80 |
| Sorceress | 2 | 310 | / | 40 |
| Gryphon Rider | 6 | 1680 | / | 420 |
| Grunt | 5 | 1000 | / | 0 |
| Demolisher | 5 | 1100 | / | 250 |
| total: | 46 | 7270g | / | 790w |
| Lumber Mill | 2 | 240 | / | 0 |
| Barracks | 1 | 160 | / | 60 |
| Altar of Kings | 1 | 180 | / | 50 |
| Farm | 6 | 480 | / | 120 |
| Arcane Vault | 1 | 130 | / | 30 |
| Blacksmith | 1 | 140 | / | 60 |
| Arcane Sanctum | 1 | 150 | / | 140 |
| Gryphon Aviary | 1 | 140 | / | 150 |
| Keep | 1 | 320 | / | 210 |
| Castle | 2 | 720 | / | 420 |
| War Mill | 1 | 205 | / | 0 |
| Barracks | 1 | 180 | / | 50 |
| Orc Burrow | 2 | 320 | / | 80 |
| Stronghold | 1 | 315 | / | 190 |
| Fortress | 1 | 325 | / | 190 |
| total: | 18 | 2325g | / | 740w |
| 0:05 | Peasant |
| 0:05 | Peasant |
| 0:05 | Peasant |
| 0:13 | Lumber Mill |
| 0:16 | Barracks |
| 0:27 | Altar of Kings |
| 0:41 | Farm |
| 0:45 | Peasant |
| 0:53 | Peasant |
| 1:09 | Farm |
| 1:21 | Footman |
| 1:24 | Peasant |
| 1:36 | Footman |
| 1:44 | Farm |
| 1:56 | Footman |
| 2:19 | Peasant |
| 2:26 | Lumber Mill |
| 2:29 | Footman |
| 2:36 | Holy Light |
| 3:00 | Keep |
| 3:05 | Feral Spirit |
| 3:19 | Footman |
| 3:26 | Arcane Vault |
| 4:37 | Footman |
| 4:43 | Farm |
| 5:36 | Castle |
| 5:37 | Footman |
| 5:41 | Arcane Sanctum |
| 5:46 | Blacksmith |
| 6:23 | Scroll of Regeneration |
| 6:32 | Potion of Healing |
| 6:32 | Potion of Healing |
| 7:00 | Footman |
| 7:05 | Peasant |
| 7:05 | Peasant |
| 7:13 | Chain Lighting |
| 7:17 | Devotion Aura |
| 7:27 | Footman |
| 7:52 | Peasant |
| 8:44 | Priest |
| 8:44 | Priest |
| 8:47 | Priest Adept Training |
| 8:49 | Breath of Fire |
| 9:10 | Grunt |
| 9:10 | Grunt |
| 9:15 | War Mill |
| 9:16 | Stronghold |
| 9:20 | Barracks |
| 9:26 | Orc Burrow |
| 9:42 | Castle |
| 9:43 | Priest |
| 9:44 | Sorceress Adept Training |
| 9:46 | Sorceress |
| 9:46 | Sorceress |
| 9:52 | Iron Plating |
| 9:55 | Holy Light |
| 10:25 | Footman |
| 10:27 | Iron Forged Swords |
| 10:40 | Grunt |
| 10:43 | Steel Armor |
| 10:43 | Steel Melee Weapons |
| 10:55 | Feral Spirit |
| 10:57 | Drunken Brawler |
| 11:21 | Farm |
| 11:21 | Farm |
| 11:24 | Grunt |
| 11:37 | Scroll of Town Portal |
| 11:48 | Steel Plating |
| 11:54 | Thorium Armor |
| 12:05 | Fortress |
| 12:06 | Steel Ranged Weapons |
| 12:08 | Demolisher |
| 12:27 | Gryphon Aviary |
| 12:33 | Improved Lumber Harvesting |
| 12:35 | Priest Master Training |
| 12:37 | Steel Forged Swords |
| 12:52 | Berserker Strength |
| 12:54 | Demolisher |
| 13:00 | Orc Burrow |
| 13:03 | Animal War Training |
| 13:07 | Priest |
| 14:12 | Chain Lighting |
| 14:19 | Divine Shield |
| 14:35 | Burning Oil |
| 14:36 | Demolisher |
| 14:42 | Priest |
| 14:42 | Priest |
| 14:44 | Gryphon Rider |
| 14:44 | Gryphon Rider |
| 15:13 | Studded Leather Armor |
| 15:56 | Feral Spirit |
| 16:27 | Orb of Fire |
| 17:06 | Holy Light |
| 17:11 | Feral Spirit |
| 17:23 | Gryphon Rider |
| 17:23 | Gryphon Rider |
| 17:24 | Priest |
| 17:25 | Priest |
| 17:27 | Demolisher |
| 17:27 | Demolisher |
| 17:44 | Trueshot Aura |
| 17:51 | Breath of Fire |
| 19:27 | Earth Quake |
| 19:56 | Gryphon Rider |
| 19:56 | Gryphon Rider |
| 20:00 | Grunt |
| 21:09 | Drunken Brawler |
| Right click | 526 |
| Select | 274 |
| Select group | 169 |
| Assign group | 134 |
| Build/train/purchase | 129 |
| Use ability | 54 |
| Remove unit | 2 |
| Item give/drop | 1 |
| Minimap ping | 1 |


| Lesser Clarity Potion | 1 | 70 |
| Scroll of Town Portal | 1 | 350 |
| Healing Salve | 1 | 100 |
| Scroll of Speed | 1 | 50 |
| total: | 4 | 570g |
| Wisp | 8 | 480 | / | 0 |
| Huntress | 11 | 2145 | / | 220 |
| Hippogryph | 7 | 1120 | / | 140 |
| Archer | 5 | 650 | / | 50 |
| total: | 31 | 4395g | / | 410w |
| Altar of Elders | 1 | 180 | / | 50 |
| Moon Well | 7 | 1260 | / | 280 |
| Hunter's Hall | 1 | 210 | / | 100 |
| Ancient of War | 2 | 300 | / | 120 |
| Ancient of Wind | 3 | 450 | / | 420 |
| Tree of Ages | 1 | 320 | / | 180 |
| Tree of Eternity | 1 | 330 | / | 200 |
| total: | 14 | 2400g | / | 970w |
| 0:02 | Wisp |
| 0:02 | Wisp |
| 0:07 | Altar of Elders |
| 0:17 | Moon Well |
| 0:31 | Wisp |
| 0:38 | Wisp |
| 0:48 | Wisp |
| 0:56 | Wisp |
| 0:56 | Wisp |
| 0:57 | Wisp |
| 1:41 | Hunter's Hall |
| 1:44 | Ancient of War |
| 1:54 | Moon Well |
| 2:08 | Force of Nature |
| 2:55 | Huntress |
| 2:55 | Huntress |
| 2:55 | Huntress |
| 2:59 | Ancient of War |
| 3:24 | Tree of Ages |
| 4:04 | Huntress |
| 4:05 | Huntress |
| 4:13 | Moon Well |
| 4:26 | Huntress |
| 4:45 | Strength of the Moon |
| 4:46 | Moon Armor |
| 5:39 | Huntress |
| 5:45 | Moon Well |
| 5:49 | Moon Glaive |
| 5:59 | Huntress |
| 6:26 | Huntress |
| 6:45 | Huntress |
| 7:13 | Entangling Roots |
| 7:48 | Huntress |
| 7:54 | Ancient of Wind |
| 8:10 | Ancient of Wind |
| 8:42 | Healing Salve |
| 8:42 | Lesser Clarity Potion |
| 8:43 | Scroll of Speed |
| 8:47 | Scroll of Town Portal |
| 9:04 | Trueshot Aura |
| 9:26 | Improved Moon Armor |
| 9:27 | Improved Strength of the Moon |
| 9:28 | Advanced Moon Armor |
| 10:06 | Hippogryph |
| 10:06 | Hippogryph |
| 10:28 | Improved Bows |
| 10:38 | Moon Well |
| 10:40 | Moon Well |
| 10:41 | Moon Well |
| 11:07 | Entangling Roots |
| 11:10 | Searing Arrows |
| 11:36 | Tree of Eternity |
| 11:45 | Archer |
| 11:50 | Archer |
| 11:55 | Hippogryph |
| 14:27 | Searing Arrows |
| 14:36 | Ancient of Wind |
| 14:38 | Marksmanship |
| 14:39 | Archer |
| 14:39 | Archer |
| 14:39 | Archer |
| 14:41 | Hippogryph |
| 14:41 | Hippogryph |
| 14:41 | Hippogryph |
| 14:42 | Hippogryph |
| 14:46 | Thorns Aura |
| Select group | 749 |
| Right click | 596 |
| Select | 381 |
| Build/train/purchase | 69 |
| Misc. action | 40 |
| Assign group | 35 |
| Use ability | 19 |
| Esc | 3 |
| Item give/drop | 1 |
| Minimap ping | 1 |
| Peon | 2 | 150 | / | 0 |
| total: | 2 | 150g | / | 0w |
| Altar of Storms | 1 | 180 | / | 50 |
| Orc Burrow | 1 | 160 | / | 40 |
| total: | 2 | 340g | / | 90w |
| 0:02 | Altar of Storms |
| 0:04 | Orc Burrow |
| 0:06 | Peon |
| 0:06 | Peon |
| Select | 4 |
| Right click | 2 |
| Build/train/purchase | 2 |
198 units @ 30.1k
/ 3.3k
53 buildings @ 6.6k
/ 2.5k


| Peasant | 10 | 750 | / | 0 |
| Footman | 22 | 2970 | / | 0 |
| Rifleman | 23 | 4715 | / | 690 |
| Priest | 11 | 1485 | / | 110 |
| total: | 66 | 9920g | / | 800w |
| Scout Tower | 2 | 60 | / | 40 |
| Guard Tower | 1 | 70 | / | 50 |
| Farm | 8 | 640 | / | 160 |
| Altar of Kings | 1 | 180 | / | 50 |
| Barracks | 1 | 160 | / | 60 |
| Blacksmith | 1 | 140 | / | 60 |
| Lumber Mill | 1 | 120 | / | 0 |
| Arcane Sanctum | 1 | 150 | / | 140 |
| Keep | 2 | 640 | / | 420 |
| total: | 15 | 1450g | / | 510w |
| 0:02 | Peasant |
| 0:02 | Peasant |
| 0:07 | Farm |
| 0:11 | Altar of Kings |
| 0:24 | Barracks |
| 0:40 | Peasant |
| 0:48 | Farm |
| 0:55 | Peasant |
| 1:01 | Peasant |
| 1:22 | Peasant |
| 1:31 | Footman |
| 1:31 | Footman |
| 1:33 | Farm |
| 1:36 | Peasant |
| 1:44 | Peasant |
| 1:56 | Footman |
| 1:56 | Footman |
| 2:09 | Farm |
| 2:15 | Summon Water Elemental |
| 2:20 | Footman |
| 2:33 | Footman |
| 2:40 | Peasant |
| 2:40 | Peasant |
| 3:00 | Farm |
| 3:06 | Footman |
| 3:45 | Footman |
| 3:45 | Footman |
| 4:05 | Footman |
| 4:35 | Footman |
| 4:50 | Footman |
| 5:22 | Brilliance Aura |
| 5:52 | Footman |
| 6:08 | Footman |
| 6:13 | Keep |
| 6:59 | Footman |
| 6:59 | Footman |
| 6:59 | Footman |
| 7:05 | Footman |
| 7:42 | Blacksmith |
| 8:04 | Footman |
| 8:10 | Lumber Mill |
| 8:37 | Footman |
| 9:11 | Rifleman |
| 9:16 | Farm |
| 9:21 | Improved Lumber Harvesting |
| 9:23 | Summon Water Elemental |
| 9:41 | Storm Bolt |
| 9:43 | Rifleman |
| 9:43 | Rifleman |
| 10:10 | Rifleman |
| 10:27 | Rifleman |
| 10:29 | Farm |
| 10:38 | Scout Tower |
| 10:50 | Black Gunpowder |
| 11:15 | Rifleman |
| 11:42 | Bash |
| 11:55 | Rifleman |
| 11:56 | Guard Tower |
| 12:03 | Arcane Sanctum |
| 12:07 | Rifleman |
| 12:25 | Rifleman |
| 12:27 | Refined Gunpowder |
| 12:43 | Farm |
| 13:01 | Rifleman |
| 13:25 | Priest |
| 13:25 | Priest |
| 14:00 | Brilliance Aura |
| 14:04 | Storm Bolt |
| 14:40 | Rifleman |
| 14:40 | Priest |
| 14:41 | Priest |
| 14:41 | Priest |
| 14:56 | Rifleman |
| 15:17 | Rifleman |
| 15:36 | Rifleman |
| 15:44 | Studded Leather Armor |
| 16:14 | Priest |
| 16:14 | Priest |
| 16:31 | Rifleman |
| 16:34 | Summon Water Elemental |
| 17:17 | Rifleman |
| 17:17 | Rifleman |
| 18:05 | Footman |
| 18:06 | Rifleman |
| 18:06 | Footman |
| 18:41 | Mass Teleport |
| 18:43 | Rifleman |
| 18:43 | Rifleman |
| 18:49 | Priest |
| 18:50 | Priest |
| 18:50 | Priest |
| 19:59 | Priest Adept Training |
| 20:01 | Reinforced Leather Armor |
| 20:02 | Rifleman |
| 20:07 | Scout Tower |
| 20:22 | Priest |
| 20:59 | Rifleman |
| 21:00 | Rifleman |
| Right click | 475 |
| Select | 358 |
| Select group | 204 |
| Build/train/purchase | 113 |
| Chat | 66 |
| Assign group | 53 |
| Misc. action | 24 |
| Minimap ping | 8 |
| Use ability | 4 |
| Esc | 4 |
| Remove unit | 2 |

| Peasant | 15 | 1125 | / | 0 |
| Rifleman | 42 | 8610 | / | 1260 |
| Footman | 1 | 135 | / | 0 |
| total: | 58 | 9870g | / | 1260w |
| Altar of Kings | 1 | 180 | / | 50 |
| Barracks | 2 | 320 | / | 120 |
| Farm | 9 | 720 | / | 180 |
| Blacksmith | 1 | 140 | / | 60 |
| Town Hall | 2 | 770 | / | 410 |
| Keep | 1 | 320 | / | 210 |
| Castle | 1 | 360 | / | 210 |
| total: | 15 | 2130g | / | 820w |
| 0:04 | Peasant |
| 0:04 | Peasant |
| 0:19 | Altar of Kings |
| 0:24 | Barracks |
| 0:48 | Farm |
| 0:51 | Peasant |
| 0:59 | Peasant |
| 1:16 | Farm |
| 1:19 | Peasant |
| 1:44 | Peasant |
| 2:00 | Peasant |
| 2:04 | Peasant |
| 2:13 | Peasant |
| 2:28 | Blacksmith |
| 2:30 | Peasant |
| 2:53 | Summon Water Elemental |
| 3:26 | Peasant |
| 3:26 | Peasant |
| 3:35 | Barracks |
| 4:39 | Peasant |
| 4:39 | Peasant |
| 4:42 | Black Gunpowder |
| 4:44 | Rifleman |
| 4:44 | Rifleman |
| 4:44 | Rifleman |
| 4:47 | Rifleman |
| 4:58 | Farm |
| 5:30 | Farm |
| 5:37 | Keep |
| 5:55 | Rifleman |
| 5:55 | Rifleman |
| 6:01 | Farm |
| 6:12 | Farm |
| 7:03 | Rifleman |
| 7:03 | Rifleman |
| 7:03 | Rifleman |
| 7:08 | Farm |
| 7:59 | Long Rifles |
| 8:00 | Rifleman |
| 8:35 | Rifleman |
| 8:35 | Rifleman |
| 8:47 | Farm |
| 9:28 | Brilliance Aura |
| 9:53 | Rifleman |
| 9:53 | Rifleman |
| 9:53 | Rifleman |
| 10:31 | Farm |
| 10:36 | Refined Gunpowder |
| 12:04 | Town Hall |
| 12:08 | Rifleman |
| 12:08 | Rifleman |
| 12:08 | Rifleman |
| 12:24 | Summon Water Elemental |
| 12:50 | Rifleman |
| 12:50 | Rifleman |
| 13:18 | Rifleman |
| 13:18 | Rifleman |
| 14:28 | Rifleman |
| 14:28 | Rifleman |
| 14:28 | Rifleman |
| 15:19 | Rifleman |
| 15:20 | Rifleman |
| 15:44 | Rifleman |
| 15:44 | Rifleman |
| 16:55 | Rifleman |
| 16:55 | Rifleman |
| 17:27 | Rifleman |
| 17:27 | Rifleman |
| 17:32 | Peasant |
| 19:06 | Rifleman |
| 19:06 | Rifleman |
| 19:06 | Rifleman |
| 19:07 | Rifleman |
| 19:07 | Rifleman |
| 19:36 | Town Hall |
| 19:50 | Rifleman |
| 19:50 | Rifleman |
| 20:06 | Castle |
| 20:26 | Rifleman |
| 20:45 | Footman |
| 20:47 | Rifleman |
| Right click | 772 |
| Select | 300 |
| Build/train/purchase | 79 |
| Misc. action | 54 |
| Select group | 34 |
| Assign group | 6 |
| Use ability | 4 |
| Remove unit | 3 |
| Item give/drop | 1 |
| Minimap ping | 1 |



| Lesser Clarity Potion | 2 | 140 |
| Potion of Mana | 2 | 400 |
| Scroll of Town Portal | 2 | 700 |
| total: | 6 | 1240g |
| Peasant | 10 | 750 | / | 0 |
| Rifleman | 21 | 4305 | / | 630 |
| Sorceress | 4 | 620 | / | 80 |
| Priest | 4 | 540 | / | 40 |
| Peon | 12 | 900 | / | 0 |
| Troll Headhunter | 15 | 2100 | / | 300 |
| Troll Berserker | 8 | 1120 | / | 160 |
| total: | 74 | 10335g | / | 1210w |
| Blacksmith | 1 | 140 | / | 60 |
| Barracks | 1 | 160 | / | 60 |
| Altar of Kings | 1 | 180 | / | 50 |
| Farm | 7 | 560 | / | 140 |
| Lumber Mill | 1 | 120 | / | 0 |
| Arcane Vault | 1 | 130 | / | 30 |
| Arcane Sanctum | 2 | 300 | / | 280 |
| Keep | 1 | 320 | / | 210 |
| Castle | 1 | 360 | / | 210 |
| Altar of Storms | 1 | 180 | / | 50 |
| War Mill | 1 | 205 | / | 0 |
| Barracks | 1 | 180 | / | 50 |
| Orc Burrow | 3 | 480 | / | 120 |
| Voodoo Lounge | 1 | 130 | / | 30 |
| Beastiary | 2 | 290 | / | 280 |
| Stronghold | 1 | 315 | / | 190 |
| Fortress | 2 | 650 | / | 380 |
| total: | 23 | 3055g | / | 1150w |
| 0:07 | Peasant |
| 0:16 | Altar of Storms |
| 0:18 | War Mill |
| 0:22 | Peasant |
| 0:24 | Peon |
| 0:32 | Blacksmith |
| 0:35 | Barracks |
| 0:38 | Peasant |
| 0:41 | Peon |
| 0:53 | Peasant |
| 0:55 | Altar of Kings |
| 0:59 | Peon |
| 1:02 | Barracks |
| 1:14 | Peasant |
| 1:19 | Peasant |
| 1:23 | Orc Burrow |
| 1:28 | Peon |
| 1:29 | Peon |
| 1:48 | Farm |
| 1:52 | Peon |
| 2:01 | Peasant |
| 2:04 | Farm |
| 2:15 | Troll Headhunter |
| 2:17 | Orc Burrow |
| 2:26 | Rifleman |
| 2:35 | Farm |
| 2:38 | Peasant |
| 2:45 | Peasant |
| 2:47 | Troll Headhunter |
| 2:49 | Voodoo Lounge |
| 2:51 | Peon |
| 2:54 | Rifleman |
| 3:15 | Troll Headhunter |
| 3:20 | Lumber Mill |
| 3:21 | Rifleman |
| 3:35 | Troll Headhunter |
| 3:43 | Summon Water Elemental |
| 3:52 | Rifleman |
| 4:01 | War Stomp |
| 4:01 | War Stomp |
| 4:19 | Arcane Vault |
| 4:21 | Farm |
| 4:37 | Farm |
| 4:40 | Troll Headhunter |
| 4:40 | Troll Headhunter |
| 4:42 | Orc Burrow |
| 4:55 | Keep |
| 5:26 | Endurance Aura |
| 5:27 | Brilliance Aura |
| 5:40 | Stronghold |
| 5:41 | Rifleman |
| 5:55 | Troll Headhunter |
| 5:55 | Troll Headhunter |
| 5:55 | Troll Headhunter |
| 5:55 | Troll Headhunter |
| 6:22 | Rifleman |
| 6:22 | Rifleman |
| 6:23 | Improved Masonry |
| 6:46 | Rifleman |
| 6:46 | Rifleman |
| 7:03 | Rifleman |
| 7:22 | Rifleman |
| 7:47 | Rifleman |
| 7:49 | Troll Headhunter |
| 7:49 | Troll Headhunter |
| 7:49 | Troll Headhunter |
| 7:51 | Lesser Clarity Potion |
| 7:54 | Scroll of Town Portal |
| 8:39 | Arcane Sanctum |
| 8:42 | Arcane Sanctum |
| 8:53 | Troll Headhunter |
| 8:54 | Fortress |
| 9:24 | Storm Bolt |
| 9:33 | Castle |
| 9:41 | Troll Headhunter |
| 9:55 | Scroll of Town Portal |
| 10:28 | Sorceress Adept Training |
| 10:29 | Priest Adept Training |
| 10:52 | Summon Water Elemental |
| 10:57 | Sorceress |
| 10:58 | Priest |
| 11:15 | Rifleman |
| 11:17 | Long Rifles |
| 11:31 | Farm |
| 11:32 | Farm |
| 11:37 | Bash |
| 12:07 | Sorceress Master Training |
| 12:08 | Priest Master Training |
| 12:19 | Hex |
| 12:27 | Healing Wave |
| 12:46 | Berserker Upgrade |
| 12:52 | Priest |
| 12:52 | Sorceress |
| 14:08 | Rifleman |
| 14:11 | Sorceress |
| 14:16 | Brilliance Aura |
| 14:25 | Hex |
| 14:27 | Sorceress |
| 14:33 | Holy Light |
| 15:19 | Rifleman |
| 15:19 | Rifleman |
| 15:22 | Priest |
| 15:39 | Potion of Mana |
| 16:03 | Troll Berserker |
| 16:04 | Troll Berserker |
| 16:04 | Troll Berserker |
| 16:04 | Troll Berserker |
| 16:04 | Troll Berserker |
| 16:04 | Troll Berserker |
| 16:04 | Troll Berserker |
| 16:27 | Rifleman |
| 16:41 | Priest |
| 16:50 | Troll Berserker |
| 16:55 | Healing Wave |
| 17:17 | Potion of Mana |
| 18:34 | Hex |
| 18:41 | Rifleman |
| 18:41 | Rifleman |
| 18:59 | Rifleman |
| 19:11 | War Stomp |
| 19:54 | Peon |
| 19:54 | Peon |
| 19:54 | Peon |
| 19:54 | Peon |
| 19:55 | Peon |
| 20:00 | Beastiary |
| 20:03 | Beastiary |
| 20:09 | Lesser Clarity Potion |
| 20:25 | Rifleman |
| 20:33 | Peasant |
| 21:05 | Storm Bolt |
| 21:16 | Summon Water Elemental |
| 21:16 | Summon Water Elemental |
| Right click | 1597 |
| Select | 814 |
| Select group | 368 |
| Chat | 335 |
| Build/train/purchase | 226 |
| Misc. action | 212 |
| Use ability | 44 |
| Assign group | 35 |
| Esc | 9 |
| Item give/drop | 1 |
⇛